 Dungeon Sprint DCSS version 0.23-a0-171-g5ae17c6 (webtiles) character file.

4363 Fang the Severer (level 10, -12/73 HPs)
             Began as a Gargoyle Berserker on Sept 14, 2018.
             Was a High Priest of Trog.
             Mangled by a naga
             ... wielding a +0 halberd
              (23 damage)
             ... in the Dungeon (Sprint V: "Ziggurat Sprint").
             The game lasted 00:04:14 (881 turns).

Fang the Severer (Gargoyle Berserker)                Turns: 881, Time: 00:04:15

Health: -12/73     AC: 16    Str: 33    XL:     10   Next: 34%
Magic:  10/10      EV:  9    Int:  8    God:    Trog [*****.]
Gold:   0          SH:  0    Dex:  9    Spells: 9/9 levels left

rFire    . . .     SeeInvis +   k - +5 executioner's axe
rCold    + + +     Gourm    .   (shield currently unavailable)
rNeg     + . .     Faith    .   C - +1 scale mail of the Dungeon {rC+++ Str-2 Int-3 SInv}
rPois    ∞         Spirit   .   (no helmet)
rElec    +         Reflect  .   (no cloak)
rCorr    .         Harm     .   (no gloves)
MR       .....     NoTele   +   (no boots)
Stlth    +.........             (no amulet)
HPRegen  0.22/turn              E - +6 ring of strength
MPRegen  0.12/turn              B - ring of Emmeqear {Str+6 Int+2}

@: berserk cooldown, slowed, constricted, very slow
A: negative energy resistance 1, electricity resistance, unbreathing,
petrification resistance, rot immunity, AC +7
a: Berserk, Trog's Hand, Brothers in Arms, Renounce Religion


You were in the Dungeon.
You worshipped Trog.
Trog was extremely pleased with you.
You were near starving.

You visited 1 branch

Inventory:

Hand Weapons
 k - a +5 executioner's axe (weapon)
 z - a +2 battleaxe of freezing
Armour
 b - the +3 leather armour of Myonuoqe {rN+ Stlth+}
   (You found it in the Dungeon)

   It protects you from negative energy.
   It makes you more stealthy.
 j - +5 shadow dragon scales
 C - the +1 scale mail of the Dungeon (worn) {rC+++ Str-2 Int-3 SInv}
   (You found it in the Dungeon)

   It affects your strength (-2).
   It affects your intelligence (-3).
   It renders you almost immune to cold.
   It lets you see invisible.
Jewellery
 B - the ring of Emmeqear (right hand) {Str+6 Int+2}
   (You found it in the Dungeon)

   [ring of strength]

   It affects your strength (+6).
   It affects your intelligence (+2).
 E - a +6 ring of strength (left hand)
Wands
 w - a wand of disintegration (7)
 x - a wand of iceblast (7)
 y - a wand of acid (7)
Scrolls
 i - 4 scrolls of blinking
 l - 7 scrolls of fog
 m - a scroll of holy word
 n - 5 scrolls of identify
 o - 4 scrolls of remove curse
 p - 2 scrolls of fear
Potions
 d - 10 potions of curing
 e - 10 potions of heal wounds
 f - 6 potions of haste
 g - 7 potions of magic
 h - 3 potions of berserk rage
 q - 2 potions of brilliance
 r - 2 potions of invisibility
 s - 4 potions of resistance
 u - 5 potions of agility
 v - 5 potions of might
Miscellaneous
 a - a box of beasts
Comestibles
 c - 7 rations


   Skills:
 + Level 13.6 Fighting
 + Level 15.1 Axes
 + Level 8.3 Armour
 + Level 5.2 Dodging
 + Level 5.0 Stealth


You had 9 spell levels left.
You didn't know any spells.
Your spell library was empty.

Dungeon Overview and Level Annotations

Branches:
Dungeon (1/1)

Altars:
Ashenzari
Cheibriados
Dithmenos
Elyvilon
Fedhas
Gozag
Hepliaklqana
Kikubaaqudgha
Makhleb
Nemelex Xobeh
Okawaru
Qazlal
Ru
Sif Muna
Trog
Uskayaw
Vehumet
Wu Jian
Xom
Yredelemnul
Zin
The Shining One
Beogh
Jiyva
Lugonu

Annotations:
D 1 transporter


Innate Abilities, Weirdness & Mutations

You are resistant to torment.
Your stone body is resilient. (AC +7)
You are immune to poison.
You resist negative energy. (rN+)
You are resistant to electric shocks. (rElec)
You can survive without breathing.
You are immune to petrification.
You are immune to rotting.


Message History

The naga is lightly wounded.
The naga barely misses you. The naga constricts you.
The naga closely misses you. The naga constricts you.
Unknown command.
Unknown command.
You slice the naga!!
The naga is severely wounded.
The naga hits you with a halberd! The naga constricts you.
The naga hits you but does no damage. The naga constricts you.
The naga closely misses you. The naga constricts you.
You barely miss the naga.
The naga is severely wounded.
The naga closely misses you. The naga constricts you.
The naga hits you with a halberd! The naga constricts you.
You barely miss the naga.
The naga is severely wounded.
The naga hits you with a halberd!
* * * LOW HITPOINT WARNING * * *
The naga constricts you. The naga hits you with a halberd!!
You die...

▓...©....▓...©....▓
▓▓▓▓▓▓▓▓▓▓▓▓▓▓▓▓▓▓▓
▓..8©8..▓ ▓...)}..▓
▓..|:[..▓ ▓.......▓
▓.......▓ ▓..N)...▓
▓..†@...▓ ▓...)...▓
▓...©...▓ ▓▓▓▓▓▓▓▓▓


You could see a naga (berserk).

Vanquished Creatures
  3 two-headed ogres (D)
  2 trolls (D)
  Sigmund (D)
  A golden eye (D)
  2 yaks (D)
  A naga (D)
  A water moccasin (D)
  A porcupine (D)
  A phantom (D)
  Blork the orc (D)
  A wight (D)
  Crazy Yiuf (D)
  Jessica (D)
  An iguana (D)
  An adder (D)
  An ooze (D)
  2 ball pythons (D)
  A leopard gecko zombie (D)
23 creatures vanquished.

Notes
Turn   | Place    | Note
-------+----------+-------------------------------------------
     0 | D        | Found the +6 Majin-Bo {vamp, Archmagi MP+6 Int+6}
     0 | D        | Found the +7 great mace "Firestarter" {inner flame, rF++}
     0 | D        | Fang the Gargoyle Berserker began the quest for the Orb.
     0 | D        | Reached XP level 1. HP: 14/14 MP: 1/1
     3 | D        | Found a blossoming altar of Fedhas.
     4 | D        | Found a viscous altar of Jiyva.
     4 | D        | Found a hazy altar of Hepliaklqana.
     4 | D        | Found a transporter.
     4 | D        | Found an opulent altar of Gozag.
     4 | D        | Found an ancient bone altar of Kikubaaqudgha.
     4 | D        | Found a corrupted altar of Lugonu.
     8 | D        | Found a burning altar of Makhleb.
     9 | D        | Found a sacrificial altar of Ru.
     9 | D        | Found a stormy altar of Qazlal.
     9 | D        | Found a deep blue altar of Sif Muna.
     9 | D        | Found an iron altar of Okawaru.
     9 | D        | Found a bloodstained altar of Trog.
     9 | D        | Found a sparkling altar of Nemelex Xobeh.
    80 | D        | Entered arena 2.
    80 | D        | Noticed a golden eye
    80 | D        | Found a transporter.
    83 | D        | Reached skill level 3 in Axes
   159 | D        | Killed a golden eye
   159 | D        | Reached skill level 6 in Axes
   159 | D        | Reached XP level 2. HP: 24/24 MP: 2/2
   159 | D        | Reached XP level 3. HP: 28/28 MP: 3/3
   159 | D        | Reached XP level 4. HP: 34/34 MP: 4/4
   159 | D        | Reached XP level 5. HP: 38/38 MP: 5/5
   303 | D        | Entered arena 3.
   303 | D        | Noticed a phantom
   303 | D        | Found a transporter.
   307 | D        | Reached ** piety under Trog
   310 | D        | Reached skill level 7 in Axes
   311 | D        | Killed a phantom
   311 | D        | Reached skill level 8 in Axes
   311 | D        | Reached XP level 6. HP: 45/45 MP: 6/6
   318 | D        | Got the +3 leather armour of Myonuoqe {rN+ Stlth+}
   352 | D        | Entered arena 4.
   352 | D        | Noticed a yak
   352 | D        | Noticed a yak
   352 | D        | Noticed a porcupine
   352 | D        | Found a transporter.
   359 | D        | Killed a yak
   359 | D        | Reached *** piety under Trog
   359 | D        | Reached skill level 9 in Axes
   359 | D        | Reached skill level 5 in Armour
   359 | D        | Reached XP level 7. HP: 41/52 MP: 7/7
   359 | D        | Reached skill level 10 in Fighting
   360 | D        | Killed a yak
   360 | D        | Reached skill level 10 in Axes
   464 | D        | Entered arena 5.
   464 | D        | Noticed Sigmund
   464 | D        | Noticed Jessica
   464 | D        | Noticed Blork the orc
   464 | D        | Noticed Crazy Yiuf
   464 | D        | Found a transporter.
   468 | D        | Killed Crazy Yiuf
   469 | D        | Killed Blork the orc
   469 | D        | Reached **** piety under Trog
   469 | D        | Reached skill level 11 in Axes
   471 | D        | Killed Sigmund
   471 | D        | Reached XP level 8. HP: 59/59 MP: 8/8
   472 | D        | Killed Jessica
   472 | D        | Reached ***** piety under Trog
   526 | D        | Got the ring of Emmeqear {Str+6 Int+2}
   539 | D        | Got the cursed +1 scale mail of the Dungeon {rC+++ Str-2
                  | Int-3 SInv}
   574 | D        | Entered arena 6.
   574 | D        | Noticed a two-headed ogre
   574 | D        | Noticed a troll
   574 | D        | Noticed a troll
   574 | D        | Noticed a two-headed ogre
   574 | D        | Noticed a two-headed ogre
   574 | D        | Found a transporter.
   575 | D        | Reached skill level 12 in Axes
   575 | D        | Reached skill level 5 in Stealth
   575 | D        | Reached XP level 9. HP: 65/65 MP: 9/9
   578 | D        | Killed a two-headed ogre
   578 | D        | Reached skill level 13 in Axes
   579 | D        | Killed a two-headed ogre
   579 | D        | Reached skill level 14 in Axes
   581 | D        | Killed a troll
   581 | D        | Reached skill level 5 in Dodging
   581 | D        | Reached XP level 10. HP: 30/73 MP: 10/10
   585 | D        | Killed a two-headed ogre
   863 | D        | Entered arena 7.
   865 | D        | Found a transporter.
   867 | D        | Reached skill level 15 in Axes
   869 | D        | Received a gift from Trog
   881 | D        | Mangled by a naga

Vault maps used:
D:        sprint_v

Skill      XL: |  1  2  3  4  5  6  7  8  9 10 |
---------------+-------------------------------+-----
Fighting       | 7 8 9 10 11 13 | 13.6
Axes           | 6 8 9 11 12 14 15 | 15.1
Armour         | 3 4 5 6 7 8 |  8.3
Dodging        | 3 4 5 |  5.2
Stealth        | 5 |  5.0

Action                   |  1- 3 |  4- 6 |  7- 9 | 10-12 || total
-------------------------+-------+-------+-------+-------++-------
Melee: Executioner's axe |    11 |    11 |    11 |    19 ||    52
Invok: Berserk           |     1 |     2 |     2 |     1 ||     6
  Use: Scroll            |       |       |     1 |       ||     1
       Potion            |       |       |     1 |       ||     1
  Eat: Chunk             |       |       |     3 |     1 ||     4
Armor: Shadow dragon sca |     1 |       |       |       ||     1
       Leather armour    |       |     5 |     1 |       ||     6
       Scale mail        |       |       |     9 |     9 ||    18
Dodge: Dodged            |       |    12 |     7 |    23 ||    42

Table legend:
 A = Non-vault XP
 B = Vault XP
 C = Vault XP percentage of total XP
 D = Non-vault monster count
 E = Vault monster count
 F = Vault count percentage of total count
                 A         B        C        D         E       F
            +---------+---------+-------+---------+---------+-------
      Total |       0 |    4924 | 100.0 |       0 |      23 | 100.0
            +---------+---------+-------+---------+---------+-------
          D |       0 |    4924 | 100.0 |       0 |      23 | 100.0
            +---------+---------+-------+---------+---------+-------
